 Dungeon Crawl Stone Soup version 0.27.0 (webtiles) character file.

Game seed: 11653382808208069393

1649 inmateoo the Grappler (level 9, -7/79 HPs)
             Began as a Ghoul Monk on July 31, 2021.
             Was a Follower of Cheibriados.
             Mangled by a wight (12 damage)
             ... on level 6 of the Dungeon.
             The game lasted 00:06:59 (7620 turns).

inmateoo the Grappler (Ghoul Monk)                  Turns: 7620, Time: 00:06:59

Health: -7/79      AC: 14    Str: 20    XL:     9   Next: 0%
Magic:  8/8        EV:  7    Int:  9    God:    Cheibriados [*.....]
Gold:   176        SH:  0    Dex: 14    Spells: 8/8 levels left

rFire    . . .     SeeInvis .     - Unarmed
rCold    + + .     Faith    .   (no shield)
rNeg     + + +     Spirit   .   f - +1 plate armour {rC+}
rPois    ∞         Reflect  .   n - +0 helmet
rElec    .         Harm     .   (no cloak)
rCorr    +         Rampage  .   k - +0 pair of gloves
Will     .....                  j - +0 pair of boots
Stlth    ..........             (no amulet)
HPRegen  0.00/turn              g - ring of resist corrosion
MPRegen  0.11/turn              (no ring)

@: inhibited regen, very slow
A: claws 1, cold resistance 1, negative energy resistance 3, inhibited
regeneration, torment resistance 2
a: Renounce Religion, Bend Time


You were on level 6 of the Dungeon.
You worshipped Cheibriados.
Cheibriados was aware of your devotion.
You visited 2 branches of the dungeon, and saw 7 of its levels.
You also visited: Sewer.

You collected 176 gold pieces.

Inventory:

Missiles
 m - 4 javelins (quivered)
Armour
 f - a +1 plate armour of cold resistance (worn)
 j - a +0 pair of boots (worn)
 k - a +0 pair of gloves (worn)
 n - a +0 helmet (worn)
Jewellery
 g - a ring of resist corrosion (left hand)
Wands
 a - a wand of iceblast (6)
 b - a wand of acid (19)
Scrolls
 h - a scroll of silence
Potions
 c - 2 potions of attraction
 d - a potion of lignification {unknown}
 e - a potion of brilliance {unknown}
 i - a potion of resistance {unknown}
 l - a potion of might
 o - a potion of berserk rage {unknown}
 p - a potion of flight {unknown}


   Skills:
 + Level 7.2 Fighting
 - Level 5.0 Dodging
 - Level 2.1 Stealth
 * Level 9.6 Unarmed Combat


You had 8 spell levels left.
You didn't know any spells.
Your spell library contained the following spells:

 Spells                   Type           Power      Damage    Failure   Level
 Foxfire                  Conj/Fire      0%         2x1d4     100%        1
 Conjure Flame            Conj/Fire      0%         6-21      100%        3
 Inner Flame              Hex/Fire       0%         N/A       100%        3


Dungeon Overview and Level Annotations

Branches:
Dungeon (6/15)             Temple (1/1) D:5           Sewer (visited)

Altars:
Cheibriados
Dithmenos
Elyvilon
Fedhas
Gozag
Hepliaklqana
Kikubaaqudgha
Makhleb
Nemelex Xobeh
Okawaru
Qazlal
Ru
Sif Muna
Trog
Uskayaw
Vehumet
Wu Jian
Xom
Yredelemnul
Zin
The Shining One

Shops:
D:5 *


Innate Abilities, Weirdness & Mutations

You thrive by killing the living.
You are immune to poison.
You have sharp fingernails.
Your flesh is cold resistant. (rC+)
You are immune to negative energy. (rN+++)
You do not regenerate when monsters are visible.
You are immune to unholy pain and torment.


Message History

You destroy the wight!
Cheibriados appreciates the change of pace.
The bullfrog skeleton hits you but does no damage.
The wight barely misses you.
You have reached level 9!
Your experience leads to an increase in your attributes!
Your base attributes are Str 16, Int 6, Dex 11.
Increase (S)trength, (I)ntelligence, or (D)exterity?
You feel stronger.
The bullfrog skeleton hits you but does no damage.
The wight hits you with a +5 halberd.
The bullfrog skeleton hits you but does no damage.
The wight hits you with a +5 halberd.
* * * LOW HITPOINT WARNING * * *
Things that are here:
a +0 scimitar; a +0 robe Your plate armour prevents you from hitting the wight.
The bullfrog skeleton hits you.
* * * LOW HITPOINT WARNING * * *
Unknown command.
You hit the wight but do no damage. The bullfrog skeleton hits you.
* * * LOW HITPOINT WARNING * * *
The wight closely misses you.
Unknown command.
You hit the wight.
The wight is lightly damaged.
The bullfrog skeleton hits you.
* * * LOW HITPOINT WARNING * * *
The wight hits you with a +5 halberd.
* * * LOW HITPOINT WARNING * * *
You punch the wight!
The wight is almost destroyed.
The bullfrog skeleton hits you but does no damage.
The wight hits you with a +5 halberd!
* * * LOW HITPOINT WARNING * * *
You closely miss the wight.
The wight is almost destroyed.
The bullfrog skeleton barely misses you.
The wight hits you with a +5 halberd!
You die...

###....#..# #.
..........# #..
..........##
#..#
...........#
#..#
...........##..#
...........#..#
....<...#.....#
........#....##
.......###@Z##
.....# #z## ...#
..# #..# #.## #.
.. ..


You could see a wight and a bullfrog skeleton.

Vanquished Creatures
  Maggie (D:6)
  A water moccasin (D:5)
  Duvessa (D:4)
  A sky beast (D:5)
  A necrophage (D:4)
  2 ogres
  A centaur (D:5)
  A bullfrog (Sewer)
  A scorpion (D:4)
  A water moccasin zombie (D:5)
  Dowan (D:4)
  2 wights (D:6)
  A bullfrog zombie (D:5)
  A bullfrog skeleton (D:5)
  A gnoll shaman (D:5)
  2 hounds (D:5)
  Ijyb (D:5)
  12 adders
  5 gnolls
  An adder skeleton (D:4)
  6 worms
  4 orcs
  7 ball pythons
  3 bats
  3 endoplasms
  4 giant cockroaches
  10 goblins
  6 hobgoblins
  11 jackals
  5 quokkas
  6 frilled lizards
  4 kobolds
  A quokka skeleton (D:4)
  A rat (D:1)
109 creatures vanquished.

Notes
Turn   | Place    | Note
-------+----------+-------------------------------------------
     0 | D:1      | inmateoo the Ghoul Monk began the quest for the Orb.
     0 | D:1      | Reached XP level 1. HP: 19/19 MP: 0/0
   281 | D:1      | Reached XP level 2. HP: 26/26 MP: 1/1
   686 | D:1      | Reached XP level 3. HP: 31/31 MP: 2/2
   688 | D:1      | Reached skill level 4 in Unarmed Combat
  1620 | D:2      | Reached XP level 4. HP: 40/40 MP: 3/3
  1796 | D:2      | Found a shadowy altar of Dithmenos.
  2344 | D:3      | Found a hide-covered altar of Uskayaw.
  2828 | D:4      | Reached XP level 5. HP: 46/46 MP: 4/4
  2968 | D:4      | Reached skill level 5 in Unarmed Combat
  3125 | D:4      | Noticed Dowan
  3126 | D:4      | Noticed Duvessa
  3128 | D:4      | Killed Dowan
  3129 | D:4      | Reached XP level 6. HP: 53/53 MP: 5/5
  3135 | D:4      | Killed Duvessa
  3967 | D:5      | Entered Level 5 of the Dungeon
  3967 | D:5      | Found Lupnud's General Store.
  3992 | D:5      | Reached skill level 6 in Unarmed Combat
  4004 | D:5      | Noticed a sky beast
  4034 | D:5      | Killed a sky beast
  4035 | D:5      | Reached skill level 5 in Fighting
  4035 | D:5      | Reached XP level 7. HP: 55/61 MP: 6/6
  4076 | D:5      | Found a glowing drain.
  4097 | Sewer    | Entered a sewer
  4608 | D:5      | Reached skill level 7 in Unarmed Combat
  4622 | D:5      | Found a staircase to the Ecumenical Temple.
  5107 | D:4      | Reached XP level 8. HP: 29/70 MP: 7/7
  5341 | Temple   | Entered the Ecumenical Temple
  5500 | D:5      | Noticed Ijyb
  5511 | D:5      | Killed Ijyb
  5562 | D:5      | Reached skill level 5 in Dodging
  5957 | D:4      | Reached skill level 8 in Unarmed Combat
  6895 | D:5      | Found a snail-covered altar of Cheibriados.
  6914 | D:5      | Became a worshipper of Cheibriados the Contemplative
  6914 | D:5      | Reached * piety under Cheibriados
  6914 | D:5      | Reached ** piety under Cheibriados
  6989 | D:6      | Noticed Maggie
  7021 | D:6      | Killed Maggie
  7022 | D:6      | Reached skill level 9 in Unarmed Combat
  7615 | D:6      | Reached XP level 9. HP: 29/79 MP: 8/8
  7620 | D:6      | Mangled by a wight

Illustrated notes

Levels and vault maps discovered:
D:1:      lightli_arrival_quake, layout_loops_ring
D:2:      layout_basic, basic_altar
D:3:      layout_basic, mainiacjoe_overflow_24_doors
D:4:      layout_layer_cave, kennysheep_little_box, kennysheep_nondescript,
          minmay_misc_feat_x, uniq_duvessa
D:5:      layout_cave_pools, amethyst_overflow_temple_binary, temple_pool_b,
          cheibrodos_sewer_entry_sluice, serial_column_ruins, column_ruins_hut,
          column_ruins_grid_4, column_ruins_open_small_water,
          column_ruins_grid_3, column_ruins_grid_1, column_ruins_open_tiny,
          serial_shops, nicolae_stop_n_shop_2, sigmund_army, uniq_ijyb
D:6:      layout_cave_pods, ashenzari_conservatory_becter, serial_shops,
          kennysheep_mini_moat, uniq_maggie
Temple:   lightli_temple_of_artemis

Skill      XL: |  1  2  3  4  5  6  7  8 |
---------------+-------------------------+-----
Dodging        | 3 4 5 |  5.0
Unarmed Combat | 4 5 6 7 9 |  9.6
Fighting       | 4 5 6 7 |  7.2
Stealth        | |  2.1

Action                   |  1- 3 |  4- 6 |  7- 9 || total
-------------------------+-------+-------+-------++-------
Melee: Unarmed           |   105 |   148 |   272 ||   525
       Punch             |     2 |     2 |    12 ||    16
Evoke: Wand              |       |     6 |       ||     6
  Use: Scroll            |     3 |     5 |     4 ||    12
       Potion            |       |       |     2 ||     2
 Stab: Sleeping          |     1 |       |       ||     1
Armor: Robe              |    17 |       |       ||    17
       Leather armour    |     2 |     8 |       ||    10
       Ring mail         |       |    13 |       ||    13
       Plate armour      |       |    49 |   221 ||   270
Dodge: Dodged            |    53 |    46 |    86 ||   185
